 Dungeon Crawl Stone Soup version 0.30-a0-996-ga6910c8ee8 (webtiles) character file.

Game seed: 17895509009023576885

64190 NinjaNoafa the Thaumaturge (level 14, -5/121 HPs)
             Began as a White Draconian Conjurer on Apr 4, 2023.
             Was the Champion of Vehumet.
             Killed by divine providence
             ... invoked by an orc priest
              (17 damage)
             ... on level 2 of the Orcish Mines.
             The game lasted 00:45:28 (16238 turns).

NinjaNoafa the Thaumaturge (DrCj)                  Turns: 16238, Time: 00:45:29

Health: -5/121     AC: 18    Str: 12    XL:     14   Next: 70%
Magic:  24/30      EV: 14    Int: 22    God:    Vehumet [******]
Gold:   1412       SH:  0    Dex:  9    Spells: 16/37 levels left

rFire   . . .      SeeInvis .    a - +9 staff of Wucad Mu {*channel}
rCold   + . .      Faith    .    (no shield)
rNeg    . . .      Spirit   .    (body armour unavailable)
rPois   .          Reflect  .    R - +2 hat
rElec   .          Rampage  .    C - +1 cloak {Will+}
rCorr   .                        Z - +0 pair of gloves
Will    ++...                    F - +0 pair of boots
Stlth   ++                       z - amulet of the acrobat
HPRegen 0.40/turn                p - +4 ring of protection
MPRegen 0.22/turn                V - ring of wizardry

@: no status effects
A: breathe frost, AC +8, unfitting armour, cold resistance 1, cold-blooded
a: Breathe Frost, Renounce Religion


You were on level 2 of the Orcish Mines.
You worshipped Vehumet.
Vehumet was exalted by your worship.
You visited 4 branches of the dungeon, and saw 20 of its levels.

You collected 1412 gold pieces.

Inventory:

Hand Weapons
 a - the +9 staff of Wucad Mu (weapon) {*channel}
   (You acquired it on level 1 of the Lair of Beasts)

   *Channel:  It often returns the magic spent to cast spells, but lowers their
   success rate.
   It always returns the magic spent on miscasts.
Missiles
 e - 27 poisoned darts
 m - 9 javelins
 x - a curare-tipped dart
 A - 3 silver javelins
 B - 14 boomerangs
 Y - 3 boomerangs of dispersal
Armour
 t - a +0 kite shield
 C - a +1 cloak of willpower (worn)
 F - a +0 pair of boots (worn)
 R - a +2 hat (worn)
 Z - a +0 pair of gloves (worn)
Magical Staves
 b - a staff of conjuration
Jewellery
 p - a +4 ring of protection (left hand)
 y - a ring of resist corrosion
 z - an amulet of the acrobat (around neck)
 O - a ring of poison resistance
 Q - a ring of protection from cold
 U - a ring of positive energy
 V - a ring of wizardry (right hand)
Wands
 r - a wand of flame (26)
 u - a wand of mindburst (14)
 v - a wand of iceblast (10)
 H - a wand of paralysis (19)
 I - a wand of light (9)
 T - a wand of digging (7)
Scrolls
 f - 4 scrolls of amnesia
 g - a scroll of fog
 h - 6 scrolls of fear
 i - 9 scrolls of teleportation
 j - 3 scrolls of poison
 k - 2 scrolls of noise
 M - 4 scrolls of immolation
 S - a scroll of brand weapon {unknown}
 W - a scroll of enchant armour {unknown}
 X - 2 scrolls of magic mapping {unknown}
Potions
 c - 8 potions of curing
 d - 3 potions of flight
 l - 2 potions of resistance
 n - 2 potions of magic
 o - 4 potions of heal wounds
 q - 4 potions of mutation
 s - 2 potions of berserk rage
 w - 2 potions of lignification
 D - 3 potions of might
 E - 4 potions of attraction
 G - 3 potions of ambrosia {unknown}
 J - a potion of invisibility {unknown}
 K - 4 potions of brilliance
 P - a potion of cancellation {unknown}
Miscellaneous
 L - a piece from Xom's chessboard (15/15)
 N - a tin of tremorstones (inert)


   Skills:
 - Level 10.0 Fighting
 - Level 10.0 Dodging
 - Level 1.7 Stealth
 - Level 12.2 Spellcasting
 - Level 10.0 Conjurations
 - Level 6.0 Hexes
 - Level 10.0 Translocations
 * Level 9.7 Earth Magic
 - Level 6.0 Evocations


You had 16 spell levels left.
You knew the following spells:

 Your Spells              Type           Power      Damage    Failure   Level
a - Magic Dart            Conj           100%       1d8       1%          1
b - Searing Ray           Conj           100%       2d8       1%          2
c - Iskenderun's Mystic   Conj/Tloc      55%        2d12      1%          4
d - Momentum Strike       Conj/Tloc      100%       3d10      1%          2
e - Blink                 Tloc           100%       N/A       1%          2
f - Fulminant Prism       Conj/Hex       24%        3d12      1%          4
g - Passage of Golubria   Tloc           55%        N/A       1%          4
h - Passwall              Tmut/Erth      28%        N/A       2%          2

Your spell library contained the following spells:

 Spells                   Type           Power      Damage    Failure   Level
 Starburst                Conj/Fire      17%        6d6       17%         6
 Apportation              Tloc           100%       N/A       1%          1
 Lesser Beckoning         Tloc           100%       N/A       1%          2
 Dazzling Flash           Conj/Hex       96%        N/A       1%          3
 Mephitic Cloud           Conj/Pois/Air  28%        N/A       1%          3
 Poisonous Vapours        Pois/Air       26%        N/A       2%          2
 Scorch                   Fire           26%        2d6       2%          2
 Flame Wave               Conj/Fire      35%        2d10      2%          4
 Beastly Appendage        Tmut           26%        N/A       6%          1
 Necrotise                Necr           52%        1d6       6%          1
 Summon Small Mammal      Summ           52%        N/A       6%          1
 Call Imp                 Summ           13%        N/A       9%          2
 Cigotuvi's Dreadful Rot  Necr/Pois/Air  26%        N/A       9%          2
 Sublimation of Blood     Necr           13%        N/A       9%          2
 Wereblood                Tmut           13%        N/A       9%          2
 Yara's Violent Unravell  Hex/Tmut       13%        3d7       9%          5
 Spider Form              Tmut/Pois      13%        N/A       13%         3
 Silence                  Hex/Air        13%        N/A       28%         5
 Lehudib's Crystal Spear  Conj/Erth      27%        10d7      56%         8
 Agony                    Necr           13%        N/A       63%         5
 Enfeeble                 Hex            19%        N/A       88%         7
 Summon Cactus Giant      Summ           6%         N/A       98%         6
 Chain Lightning          Conj/Air       17%        3d23      100%        9
 Death's Door             Necr           6%         N/A       100%        9
 Fire Storm               Conj/Fire      17%        8d5       100%        9
 Shatter                  Erth           27%        3d23*     100%        9


Dungeon Overview and Level Annotations

Branches:
Dungeon (12/15)            Temple (1/1) D:4            Lair (5/5) D:9
 Shoals (0/4) Lair:2        Snake (0/4) Lair:2        Slime (0/5) Lair:4
    Orc (2/2) D:12
    Elf: Orc:2

Altars:
Ashenzari
Cheibriados
Dithmenos
Elyvilon
Fedhas
Gozag
Hepliaklqana
Kikubaaqudgha
Makhleb
Nemelex Xobeh
Okawaru
Qazlal
Ru
Sif Muna
Trog
Uskayaw
Vehumet
Wu Jian
Xom
Yredelemnul
Zin
The Shining One
Jiyva

Shops:
Orc:2 (?[

Annotations:
D:2 1 runed translucent door, Crazy Yiuf


Innate Abilities, Weirdness & Mutations

You can breathe waves of freezing cold which knock back foes.
Your icy white scales are hard. (AC +8)
You cannot fit into any form of body armour.
Your flesh is cold resistant. (rC+)
You are cold-blooded and may be slowed by cold attacks.


Message History

The orc high priest utters an invocation to Beogh.
Unknown command.
Unknown command.
An orc priest comes into view. It is wielding a +0 dagger.
An orc warrior comes into view. It is wielding a +0 trident.
As you read the scroll of teleportation, it crumbles to dust.
You feel strangely unstable.
Found a dagger.
You have got your breath back.
Found a club and a dagger.
The sun demon shouts!
Your surroundings suddenly seem different.
An orc priest, an orc wizard and an orc come into view.
Found a stone staircase leading up.
The orc wizard shouts!
The orc priest shouts!
You hear a shout!
The orc priest invokes the aid of Beogh against you.
Beogh smites you!
* * * LOW HITPOINT WARNING * * *
You hear a shout!
Unknown command.
Unknown command.
Okay, then.
Unknown command.
Casting: Iskenderun's Mystic Blast (mildly dangerous; 1% risk of failure)
Confirm with . or Enter, or press ? or * to list all spells.
Aiming: Momentum Strike (safe; 1% risk of failure)
Press: ? - help, Dir - move target, f - orc wizard
Aim: an orc wizard, wielding a +0 dagger and wearing a +0 robe (72% to hit)
The concentrated momentum misses the orc wizard.
You hear two shouts!
You hear a shout! x2
Casting: Momentum Strike (safe; 1% risk of failure)
Confirm with . or Enter, or press ? or * to list all spells.
Aiming: Fulminant Prism (mildly dangerous; 1% risk of failure)
Press: ? - help, Dir - move target, p - orc wizard You conjure a prism of explosive energy!
Magical energy flows into your mind!
A fulminant prism comes into view.
The orc priest calls down the wrath of Beogh upon you.
Beogh smites you!
You die...

### # ####
##..##.#.##
#...
#...@..o..#
....
##........#
#...
#.##....#..
.... #..
#*.....
.... ##
.oo... ....
...... ..$.
..... #...
.<... #...
#..$


You could see an orc priest, an orc wizard, an orc (ally target) and a friendly
fulminant prism.

Vanquished Creatures
  3 hydras
  A catoblepas (Lair:5)
  A centaur warrior (D:9)
  A two-headed ogre (D:10)
  3 boulder beetles
  6 death yaks (Lair:5)
  An orc high priest (Orc:1)
  Amaemon (Lair:1)
  2 skysharks
  3 necromancers (Orc:1)
  4 orc sorcerers
  A salamander (Lair:2)
  A wolf spider (Lair:5)
  A cyclops (D:11)
  A guardian serpent (Lair:5)
  6 black mambas
  10 elephants
  Joseph (D:8)
  An orange demon (Lair:1)
  A gargoyle (D:10)
  13 cane toads
  An unseen horror (D:11)
  A rime drake (Lair:3)
  10 komodo dragons
  4 polar bears
  3 trolls
  Prince Ribbit (D:8)
  3 meliai (D:10)
  3 hornets
  21 blink frogs
  12 dream sheep (Lair:5)
  4 slime creatures (D:12)
  18 wyverns
  3 shadows
  71 yaks
  4 redbacks (Lair:5)
  8 vampire mosquitoes
  Menkaure (D:6)
  4 basilisks
  2 wargs
  A two-headed ogre zombie (D:12)
  2 acid dragons
  19 water moccasins
  An ice beast (D:7)
  13 orc warriors
  2 sky beasts (D:7)
  2 black bears
  2 ettin simulacra (Orc:1)
  4 ogres
  6 centaurs
  4 phantoms
  3 kobold brigands
  16 bullfrogs
  6 scorpions
  A cyclops skeleton (Orc:1)
  4 wights (D:8)
  6 killer bees
  An orc simulacrum (Orc:1)
  4 howler monkeys
  2 vampire bats (D:6)
  5 electric eels
  3 lava snakes (Lair:2)
  6 hounds
  20 orc priests
  3 jellies
  2 cyclops simulacra (Orc:1)
  5 iguanas
  Natasha (thrice) (D:3)
  Terence (D:2)
  29 orc wizards
  8 ogre zombies
  15 gnolls
  11 adders
  3 worms
  2 dart slugs
  56 orcs
  6 endoplasms
  6 giant cockroaches
  4 hobgoblins
  3 quokkas
  5 ball pythons
  14 bats
  2 frilled lizards (D:1)
  11 goblins
  A goblin skeleton (D:12)
  7 goblin zombies (D:12)
  2 hobgoblin skeletons (D:12)
  2 hobgoblin zombies (D:12)
  23 kobolds
  4 orc skeletons
  12 orc zombies
  6 rats
  A butterfly (Lair:3)
616 creatures vanquished.

Vanquished Creatures (others)
  80 fulminant prisms
  52 fungi
  107 plants
239 creatures vanquished.

Grand Total: 855 creatures vanquished

Notes
Turn   | Place    | Note
-------+----------+-------------------------------------------
     0 | D:1      | NinjaNoafa the Draconian Conjurer began the quest for the
                  | Orb.
     0 | D:1      | Reached XP level 1. HP: 14/14 MP: 3/3
   284 | D:1      | Reached XP level 2. HP: 20/20 MP: 0/5
   287 | D:1      | Learned a level 2 spell: Searing Ray
   997 | D:2      | Reached skill level 5 in Conjurations
   997 | D:2      | Reached XP level 3. HP: 26/26 MP: 0/6
  1141 | D:2      | Noticed Terence
  1146 | D:2      | Killed Terence
  1147 | D:2      | Reached skill level 3 in Spellcasting
  1206 | D:2      | Reached XP level 4. HP: 25/33 MP: 4/8
  1309 | D:2      | Identified the +5 sling "Draconian's Doom" {heavy, +Blink
                  | Will+}
  1407 | D:2      | Found a basalt altar of Yredelemnul.
  1881 | D:2      | Found a runed translucent door.
  1882 | D:2      | Noticed Crazy Yiuf
  1945 | D:2      | Reached skill level 4 in Spellcasting
  1948 | D:2      | Reached XP level 5. HP: 36/38 MP: 3/11
  1951 | D:2      | Identified the +2 robe of Antique Miracles {Rampage Regen+}
  1955 | D:2      | Found a faded altar of an unknown god.
  2226 | D:3      | Noticed Natasha
  2231 | D:3      | Killed Natasha
  2400 | D:3      | Found an ornate altar of the Wu Jian Council.
  2483 | D:3      | Reached skill level 5 in Spellcasting
  2765 | D:4      | Found a staircase to the Ecumenical Temple.
  2774 | Temple   | Entered the Ecumenical Temple
  2880 | Temple   | Became a worshipper of Vehumet
  3004 | D:4      | Reached XP level 6. HP: 45/45 MP: 9/13
  3198 | D:3      | Noticed Natasha
  3202 | D:3      | Killed Natasha
  3203 | D:3      | Reached skill level 6 in Spellcasting
  3589 | D:4      | Reached * piety under Vehumet
  3589 | D:4      | Offered knowledge of Sandblast by Vehumet.
  3697 | D:4      | Your scales start taking on an icy white colour.
  3697 | D:4      | Reached XP level 7. HP: 50/50 MP: 9/16
  3697 | D:4      | Gained mutation: Your flesh is cold resistant. (rC+) [White
                  | Draconian growth]
  4059 | D:5      | Entered Level 5 of the Dungeon
  4089 | D:5      | Reached skill level 7 in Spellcasting
  4101 | D:5      | You fall into a shaft and drop 2 floors!
  4179 | D:6      | Reached skill level 1 in Translocations
  4326 | D:6      | Noticed Menkaure
  4484 | D:3      | Noticed Natasha
  4493 | D:3      | Killed Natasha
  4494 | D:3      | Reached XP level 8. HP: 53/57 MP: 9/18
  4691 | D:5      | Reached skill level 5 in Translocations
  4696 | D:5      | Learned a level 2 spell: Blink
  4699 | D:5      | Learned a level 2 spell: Momentum Strike
  4704 | D:5      | Learned a level 4 spell: Iskenderun's Mystic Blast
  4829 | D:5      | Found a glowing golden altar of the Shining One.
  4829 | D:5      | Found a broken altar of Ashenzari.
  4981 | D:6      | Found a snail-covered altar of Cheibriados.
  4981 | D:6      | Found a sparkling altar of Nemelex Xobeh.
  5232 | D:6      | Offered knowledge of Scorch by Vehumet.
  5350 | D:6      | Reached ** piety under Vehumet
  5356 | D:6      | Reached skill level 8 in Spellcasting
  5588 | D:6      | Reached XP level 9. HP: 58/62 MP: 9/21
  5894 | D:6      | Killed Menkaure
  5895 | D:6      | Reached skill level 9 in Spellcasting
  5974 | D:7      | Offered knowledge of Kindle Blastsparks by Vehumet.
  6123 | D:7      | Learned a level 4 spell: Fulminant Prism
  6128 | D:7      | Paralysed by a hornet for 2 turns
  6131 | D:7      | Reached skill level 1 in Hexes
  6481 | D:7      | Reached *** piety under Vehumet
  6917 | D:8      | Offered knowledge of Hailstorm by Vehumet.
  6918 | D:8      | Noticed Prince Ribbit
  6930 | D:8      | Killed Prince Ribbit
  7007 | D:8      | Reached XP level 10. HP: 47/69 MP: 3/23
  7106 | D:8      | Reached skill level 10 in Spellcasting
  7126 | D:8      | Noticed Joseph
  7144 | D:8      | Killed Joseph
  7394 | D:9      | Noticed a centaur warrior
  7407 | D:9      | Killed a centaur warrior
  7785 | D:9      | Reached skill level 1 in Fighting
  7785 | D:9      | Reached skill level 1 in Evocations
  7966 | D:9      | Reached **** piety under Vehumet
  7971 | D:9      | Found a staircase to the Lair.
  7975 | D:9      | Offered knowledge of Flame Wave by Vehumet.
  8264 | D:9      | Reached skill level 5 in Hexes
  8411 | D:10     | Entered Level 10 of the Dungeon
  8483 | D:10     | Reached XP level 11. HP: 81/82 MP: 12/25
  8964 | D:10     | Noticed a two-headed ogre
  8975 | D:10     | Killed a two-headed ogre
  9461 | D:11     | Reached skill level 5 in Fighting
  9533 | Lair:1   | Entered Level 1 of the Lair of Beasts
  9575 | D:9      | Reached skill level 5 in Dodging
  9691 | Lair:1   | Noticed Amaemon
  9693 | Lair:1   | Reached skill level 5 in Evocations
  9697 | Lair:1   | Killed Amaemon
  9735 | Lair:1   | Reached ***** piety under Vehumet
  9828 | Lair:1   | Offered knowledge of Spellforged Servitor by Vehumet.
  9892 | Lair:1   | Reached XP level 12. HP: 82/97 MP: 3/26
  9912 | Lair:1   | Identified a scroll of acquirement
 10032 | Lair:1   | Acquired the +9 staff of Wucad Mu {*channel}
 10032 | Lair:1   | Found the +9 staff of Wucad Mu {*channel}
 10541 | Lair:2   | Noticed a boulder beetle
 10595 | Lair:2   | Killed a boulder beetle
 10775 | Lair:2   | Got the Atlas of Wicked Secrets and Lithomancy
 10809 | Lair:2   | Noticed a seven-headed hydra
 10816 | Lair:2   | Killed a seven-headed hydra
 11260 | Lair:2   | Found a staircase to the Snake Pit.
 11362 | Lair:2   | Found a staircase to the Shoals.
 12260 | Lair:4   | Found a staircase to the Slime Pits.
 12260 | Lair:4   | Found a viscous altar of Jiyva.
 12350 | Lair:4   | Reached skill level 11 in Spellcasting
 12355 | Lair:4   | Reached XP level 13. HP: 107/107 MP: 26/28
 13176 | Lair:5   | Entered Level 5 of the Lair of Beasts
 13286 | Lair:5   | Reached skill level 10 in Translocations
 13287 | Lair:5   | Reached skill level 10 in Conjurations
 13302 | Lair:5   | Offered knowledge of Olgreb's Toxic Radiance by Vehumet.
 13434 | Lair:5   | Reached skill level 10 in Fighting
 13438 | Lair:5   | Reached skill level 12 in Spellcasting
 13586 | Lair:5   | Reached skill level 10 in Dodging
 13589 | Lair:5   | Reached XP level 14. HP: 35/121 MP: 6/30
 13766 | Lair:5   | Reached skill level 1 in Earth Magic
 14212 | Lair:5   | Learned a level 4 spell: Passage of Golubria
 14215 | Lair:5   | Learned a level 2 spell: Passwall
 14579 | Lair:5   | Reached skill level 5 in Earth Magic
 15210 | D:11     | Identified the +1 ring mail of Soft Liberty {Rampage rPois
                  | rC+ Int-5}
 15688 | D:12     | Found a staircase to the Orcish Mines.
 15690 | D:12     | Reached ****** piety under Vehumet
 15692 | D:12     | Offered knowledge of Lee's Rapid Deconstruction by Vehumet.
 15732 | Orc:1    | Entered Level 1 of the Orcish Mines
 16186 | Orc:2    | Entered Level 2 of the Orcish Mines
 16218 | Orc:2    | Offered knowledge of Starburst by Vehumet.
 16224 | Orc:2    | Found Affappel's Weapon Emporium.
 16224 | Orc:2    | Found Weaqas's Magic Scroll Emporium.
 16227 | Orc:2    | Found Daaffual's Antique Armour Shoppe.
 16238 | Orc:2    | Killed from afar by an orc priest

Illustrated notes

Levels and vault maps discovered:
D:1:      evilmike_arrival_crescent, layout_basic,
          chequers_serial_rivers_micro_c, nrook_uturn, hex_medium
D:2:      minmay_skewed_foursquare, layout_basic, basic_altar,
          shapermc_ecumenical_altar_pompeii, kennysheep_cross_bottleneck,
          minmay_randomly_rotated_circles, uniq_terence, uniq_crazy_yiuf_cottage
D:3:      layout_loops_ring, nicolae_wu_jian_wuxing_cycle, chequers_mini_garden,
          uniq_natasha
D:4:      layout_loops_ring, minmay_temple_entry_mist, kennysheep_pointless_box
D:5:      layout_cave_pools, gammafunk_temple_overflow_wave,
          eino_small_chamber_without_monster, serial_bayou_pond_a
D:6:      minmay_flawed_box, layout_basic, minitemple, roderic_batcave,
          uniq_menkaure
D:7:      layout_basic, eino_small_chamber_without_monster
D:8:      layout_basic, uniq_prince_ribbit1, uniq_joseph
D:9:      layout_grid_maze, grunt_lair_entry_orc_guard_hut, grunt_ministairs_1,
          hangedman_decor_push, hellmonk_bongcloud_opening
D:10:     layout_basic
D:11:     layout_layer_cave, chequers_serial_rivers_room_a
D:12:     layout_loops_corners, zombieorc2_lemuel, nicolae_trove_entry_columns,
          lightli_wizard_tower
Temple:   minmay_crystal_spiral_temple
Lair:1:   layout_regular_city, gauntlet_entry_generic,
          grunt_forest_small_clearings, small_statue_intersection,
          grunt_megastairs_4, uniq_amaemon
Lair:2:   layout_gridlike, minmay_shoals_entry_centaurs,
          nicolae_snake_entry_warm_welcome, minivault_24
Lair:3:   layout_small_grid, lemuel_fruit_fields, lemuel_fruit_fields
Lair:4:   layout_regular_city, slime_entry_1, beast_lair_carwin_11
Lair:5:   hangedman_lair_tendril_chambers, layout_hall_layers,
          lemuel_fruit_tree, grunt_megastairs_3
Orc:1:    dreamdust_under_siege, layout_caves, nicolae_orc_tapped_out
Orc:2:    st_orc_mages, layout_caves, special_room, david_defended_altar_orc

Skill      XL: |  1  2  3  4  5  6  7  8  9 10 11 12 13 14 |
---------------+-------------------------------------------+-----
Conjurations   | 5 6 7 8 9 10 | 10.0
Spellcasting   | 3 4 5 6 7 8 9 10 11 12 | 12.2
Translocations | 3 6 7 8 9 10 | 10.0
Hexes          | 3 5 6 |  6.0
Dodging        | 3 6 7 10 | 10.0
Fighting       | 3 6 8 10 | 10.0
Evocations     | 3 6 |  6.0
Earth Magic    | 9 |  9.7
Stealth        | |  1.7

Action                     |  1- 3 |  4- 6 |  7- 9 | 10-12 | 13-15 || total
---------------------------+-------+-------+-------+-------+-------++-------
  Melee: Unarmed           |     4 |       |       |       |       ||     4
         Dagger            |     1 |       |       |       |       ||     1
         Short sword       |    25 |    48 |    66 |    40 |       ||   179
         Tailslap          |     2 |     7 |    10 |     5 |     7 ||    31
         Punch             |       |       |       |     1 |     1 ||     2
         Staff             |       |       |       |    10 |    38 ||    48
  Throw: Dart              |       |       |       |       |     1 ||     1
   Cast: Magic Dart        |    29 |    47 |    13 |       |       ||    89
         Searing Ray       |     6 |    33 |    46 |    19 |    21 ||   125
         Iskenderun's Myst |       |       |    33 |   163 |   200 ||   396
         Momentum Strike   |       |       |    12 |     7 |    10 ||    29
         Fulminant Prism   |       |       |     4 |    37 |    40 ||    81
         Blink             |       |       |     2 |     1 |     1 ||     4
         Passwall          |       |       |       |       |     3 ||     3
         Passage of Golubr |       |       |       |       |     1 ||     1
Ability: Breathe Frost     |       |       |    20 |    26 |    34 ||    80
  Evoke: Wand              |       |       |       |    13 |     4 ||    17
         Tin of tremorston |       |       |       |     1 |     5 ||     6
    Use: Scroll            |       |       |       |    20 |     6 ||    26
         Potion            |       |       |       |       |     1 ||     1
 Armour: Skin              |    39 |    46 |    57 |    76 |   122 ||   340
  Dodge: Dodged            |    80 |    67 |   121 |   250 |   318 ||   836

Table legend: (Time is in decaauts)
 A = Elapsed time spent in this place.
 B = Non-inter-level travel time spent in this place.
 C = Inter-level travel time spent in this place.
 D = Time resting spent in this place.
 E = Time spent auto-exploring this place.
 F = Levels seen in this place.
 G = Mean time per level.
                   A        B        C        D        E       F      G
               +--------+--------+--------+--------+--------+-----+--------+
         Total |  16297 |  14177 |   2120 |    487 |   9860 |  20 |  814.8 |
       Dungeon |  10380 |   8996 |   1384 |    394 |   6465 |  12 |  865.0 |
        Temple |    213 |    129 |     84 |      0 |    112 |   1 |  213.0 |
          Lair |   5197 |   4562 |    635 |     93 |   2964 |   5 | 1039.4 |
  Orcish Mines |    505 |    489 |     16 |      0 |    318 |   2 |  252.5 |
               +--------+--------+--------+--------+--------+-----+--------+

Top non-repeatable levels by time:
  Lair:4: 1333 daAuts
     D:2: 1248 daAuts
     D:6: 1204 daAuts
  Lair:5: 1182 daAuts
     D:9: 1151 daAuts
     D:3: 1043 daAuts
  Lair:1: 986 daAuts
     D:8: 958 daAuts
    D:10: 954 daAuts
  Lair:2: 952 daAuts
     D:1: 881 daAuts
     D:4: 862 daAuts
  Lair:3: 741 daAuts
     D:7: 719 daAuts
    D:11: 624 daAuts
